 Dungeon Crawl Stone Soup version 0.29.0-4-gdea44cf6ec (webtiles) character file.

Game seed: 6666325767718951625

74 qw the Chopper (level 4, 0/26 HPs)
             Began as a Tengu Warper on Aug 28, 2022.
             Shot with a sling bullet by a goblin (2 damage)
             ... on level 2 of the Dungeon.
             The game lasted 00:00:08 (1420 turns).

qw the Chopper (Tengu Warper)                       Turns: 1420, Time: 00:00:08

Health: 0/26       AC: 11    Str: 13    XL:     4   Next: 30%
Magic:  8/8        EV:  7    Int: 13    God:
Gold:   53         SH:  0    Dex: 14    Spells: 7/7 levels left

rFire   + . .      SeeInvis .   Y - +0 hand axe
rCold   + . .      Faith    .   (no shield)
rNeg    . . .      Spirit   .   d - +0 plate armour
rPois   +          Reflect  .   (helmet restricted)
rElec   +          Harm     .   (no cloak)
rCorr   +          Rampage  .   (no gloves)
Will    .....                   (boots unavailable)
Stlth   ..........              (no amulet)
HPRegen 0.08/turn               h - +4 ring of evasion
MPRegen 0.11/turn               n - ring of poison resistance

@: resistant
A: beak, talons 3
a: no special abilities


You were on level 2 of the Dungeon.
You visited 1 branch of the dungeon, and saw 2 of its levels.

You collected 53 gold pieces.


Innate Abilities, Weirdness & Mutations

You have a beak for a mouth.
You have claws for feet.


   Skills:
 - Level 2.0 Fighting
 + Level 4.3 Axes
 - Level 1.0 Throwing
 - Level 2.2 Armour
 - Level 2.1 Dodging
 - Level 2.0 Spellcasting
 - Level 2.4 Translocations


You had 7 spell levels left.
You didn't know any spells.
Your spell library contained the following spells:

 Spells                   Type           Power      Damage    Failure   Level
 Blink                    Tloc           14%        N/A       100%        2
 Gell's Gravitas          Tloc           7%         N/A       100%        3
 Lesser Beckoning         Tloc           7%         N/A       100%        3
 Teleport Other           Tloc           7%         N/A       100%        3
 Manifold Assault         Tloc           7%         N/A       100%        5

Inventory:

Hand Weapons
 i - a +0 mace
 Y - a +0 hand axe (weapon)
Missiles
 l - 6 javelins (quivered)
Armour
 d - a +0 plate armour (worn)
Jewellery
 h - a +4 ring of evasion (left hand)
 n - a ring of poison resistance (right hand)
Potions
 e - a potion of curing
 g - a potion of attraction {unknown}
 k - a potion of brilliance {unknown}
 m - a potion of resistance

Dungeon Overview and Level Annotations

Branches:
Dungeon (2/15)

Altars:

Annotations:
D:2 Natasha


Message History

The goblin unwields a +0 club.
The goblin wields a +0 sling.
The goblin shoots a sling bullet.
The sling bullet barely misses you.
Enter note: Jessica and a kobold come into view.
Jessica shouts!
The kobold shouts!
The kobold throws a stone.
The stone hits you but does no damage.
Jessica casts a spell.
Jessica blinks!
The goblin shoots a sling bullet.
The sling bullet barely misses you.
The goblin shoots a sling bullet.
The sling bullet hits you but does no damage.
Jessica hits you but does no damage.
The goblin shoots a sling bullet.
The sling bullet closely misses you.
You hit Jessica but do no damage. You claw Jessica!
Jessica is severely wounded.
You hit the dart slug. Jessica barely misses you.
The goblin shoots a sling bullet.
The sling bullet barely misses you.
The dart slug briefly extends its eye-stalks.
The dart slug barely misses you.
You hit Jessica but do no damage. Your kick misses Jessica.
Jessica is severely wounded.
You hit the dart slug. Jessica closely misses you.
The dart slug barely misses you.
You barely miss Jessica. You claw Jessica.
You kill Jessica!
You hit the kobold but do no damage. You hit the dart slug.
The kobold barely misses you.
Your Armour skill increases to level 2!
You have reached level 4!
You feel agile.
You hit the dart slug.
You kill the dart slug!
You hit the kobold. The kobold hits you but does no damage.
The goblin shoots a sling bullet.
The sling bullet hits you but does no damage.
You closely miss the kobold. Your kick misses the kobold.
The kobold is moderately wounded.
The kobold hits you with a +0 short sword.
The goblin shoots a sling bullet.
The sling bullet hits you.
You die...

############
#..........
#......>..###777
#.........#..P.7.7
#.....K......P..7
#.....)@......P7
#.....%......P77
#.........###77
..........#
..........#
.......g..#
....#......
....#.......
#......


You could see a goblin and a kobold.

Vanquished Creatures
  Jessica (D:2)
  A gnoll (D:1)
  2 dart slugs
  4 ball pythons (D:1)
  4 bats (D:1)
  An endoplasm (D:1)
  A giant cockroach (D:1)
  A goblin (D:1)
  A hobgoblin (D:1)
  3 jackals (D:1)
  5 kobolds (D:1)
  3 quokkas (D:1)
  5 frilled lizards (D:1)
  2 rats (D:1)
34 creatures vanquished.

Notes
Turn   | Place    | Note
-------+----------+-------------------------------------------
     0 | D:1      | qw the Tengu Warper began the quest for the Orb.
     0 | D:1      | Reached XP level 1. HP: 12/12 MP: 4/4
     0 | D:1      | 0 ||| qw: Version: 0.1-a-89-g26bdef1
     0 | D:1      | 0 ||| qw: Game counter: 3144
     0 | D:1      | 0 ||| qw: Always use a shield: true
     0 | D:1      | 0 ||| qw: God list: Okawaru
     0 | D:1      | 0 ||| qw: Allow faded altars: false
     0 | D:1      | 0 ||| qw: Do Orc after D:15 true
     0 | D:1      | 0 ||| qw: Do second Lair branch before Depths: true
     0 | D:1      | 0 ||| qw: Lair rune preference: random
     0 | D:1      | 0 ||| qw: Plans: Normal
     0 | D:1      | 0 ||| PLANNING D:1-11
   148 | D:1      | 148 ||| Stepping ~*~*~tactically~*~*~ (stealth).
   155 | D:1      | Reached XP level 2. HP: 17/17 MP: 6/6
   160 | D:1      | Reached skill level 3 in Axes
   302 | D:1      | 302 ||| DROPPING +0 club.
   706 | D:1      | Reached XP level 3. HP: 21/21 MP: 7/7
  1008 | D:1      | Reached skill level 4 in Axes
  1355 | D:1      | 1355 ||| UPGRADING to +0 plate armour.
  1365 | D:1      | 1365 ||| DROPPING +0 leather armour.
  1366 | D:1      | 1366 ||| UPGRADING to +4 ring of evasion.
  1367 | D:1      | 1367 ||| UPGRADING to ring of poison resistance.
  1368 | D:1      | 1368 ||| READING 2 scrolls labelled MUSEFIDI NAES.
  1369 | D:1      | 1369 ||| READING 2 scrolls labelled LETARIXUEVI.
  1373 | D:1      | 1373 ||| DRINKING 2 coppery potions.
  1374 | D:1      | 1374 ||| DRINKING 2 silvery potions.
  1375 | D:1      | 1375 ||| DROPPING scroll of poison.
  1376 | D:1      | 1376 ||| DROPPING scroll of blinking.
  1403 | D:2      | Noticed Natasha
  1408 | D:2      | HP: 4/21 [Natasha/magic dart (8)]
  1409 | D:2      | 1409 ||| READING scroll of teleportation.
  1413 | D:2      | Noticed Jessica
  1418 | D:2      | Killed Jessica
  1419 | D:2      | Reached XP level 4. HP: 5/26 MP: 8/8
  1420 | D:2      | HP: 2/26 [kobold/+0 short sword (3)]
  1420 | D:2      | Shot with a sling bullet by a goblin

Levels and vault maps discovered:
D:1:      dpeg_arrival_arbitrary_a, layout_basic, minmay_tromino_v4_a
D:2:      layout_basic, basic_ecumenical_altar, kennysheep_generic_room_8,
          uniq_crazy_yiuf_cottage, uniq_natasha, uniq_jessica

Skill      XL: |  1  2  3 |
---------------+----------+-----
Axes           | 3 4 |  4.3
Armour         | 2 |  2.2
Fighting       | |  2.0
Throwing       | |  1.0
Dodging        | |  2.1
Spellcasting   | |  2.0
Translocations | |  2.4

Action                   |  1- 3 |  4- 6 || total
-------------------------+-------+-------++-------
Melee: Hand axe          |    73 |     2 ||    75
       Kick              |    15 |       ||    15
       Peck              |     8 |       ||     8
Throw: Boomerang         |     7 |       ||     7
       Javelin           |    10 |       ||    10
  Use: Scroll            |     3 |       ||     3
       Potion            |     2 |       ||     2
Armor: Leather armour    |    18 |       ||    18
       Plate armour      |     5 |     2 ||     7
Dodge: Dodged            |    72 |       ||    72

Table legend:
 A = Non-vault XP
 B = Vault XP
 C = Vault XP percentage of total XP
 D = Non-vault monster count
 E = Vault monster count
 F = Vault count percentage of total count
                 A         B        C        D         E       F
            +---------+---------+-------+---------+---------+-------
      Total |      65 |      42 |  39.3 |      29 |       5 |  14.7
            +---------+---------+-------+---------+---------+-------
        D:1 |      61 |       5 |   7.6 |      28 |       4 |  12.5
        D:2 |       4 |      37 |  90.2 |       1 |       1 |  50.0
            +---------+---------+-------+---------+---------+-------
